 Dungeon Crawl Stone Soup version 0.20.1-1-g8b1a95d (webtiles) character file.

118 Salad the Skirmisher (level 5, -7/46 HPs)
             Began as a Formicid Fighter on July 11, 2017.
             Mangled by a moth of wrath (16 damage)
             ... on level 2 of the Dungeon.
             The game lasted 00:05:44 (1832 turns).

Salad the Skirmisher (Formicid Fighter)             Turns: 1832, Time: 00:05:44

Health: -7/46      AC: 13    Str: 25    XL:     5   Next: 23%
Magic:  5/5        EV:  6    Int:  8    God:
Gold:   70         SH: 10    Dex: 11    Spells: 4/4 levels left

rFire    . . .     SeeInvis +   a - +0 trident
rCold    + . .     Gourm    .   c - +0 shield
rNeg     . . .     Faith    .   k - +2 chain mail {rC+}
rPois    .         Spirit   .   (helmet unavailable)
rElec    .         Reflect  .   (no cloak)
rCorr    .         Harm     .   s - +0 pair of gloves
MR       .....                  j - +0 pair of boots
Stlth    ..........             (no amulet)
Regen    0.2/turn               (no ring)
MPRegen  0.1/turn               (no ring)

@: mighty
A: permanent stasis, dig shafts and tunnels, four strong arms, antennae 3
a: Dig, Shaft Self


You were on level 2 of the Dungeon.
You were hungry.

You visited 1 branch of the dungeon, and saw 3 of its levels.

You collected 70 gold pieces.

Inventory:

Hand Weapons
 a - a +0 trident (weapon)
Armour
 c - a +0 shield (worn)
 j - a +0 pair of boots (worn)
 k - a +2 chain mail of cold resistance (worn)
 s - a +0 pair of gloves (worn)
Wands
 q - a wand of confusion (17/48)
Scrolls
 b - a scroll of teleportation
 e - a scroll of recharging {unknown}
 l - a scroll of amnesia
 p - a scroll of enchant weapon
 r - a scroll of remove curse
Potions
 h - a potion of degeneration
 i - 2 potions of curing {unknown}
 m - a potion of lignification {unknown}
 n - 2 potions of flight
 o - a potion of brilliance {unknown}
Comestibles
 f - a bread ration
 g - 3 chunks of flesh


   Skills:
 + Level 5.8 Fighting
 - Level 2.0 Polearms
 - Level 3.4 Armour
 - Level 3.8 Shields


You had 4 spell levels left.
You didn't know any spells.

Dungeon Overview and Level Annotations

Branches:
Dungeon (3/15)

Altars:
Cheibriados
Qazlal
Trog


Innate Abilities, Weirdness & Mutations

You cannot be hasted, slowed, berserked, paralysed or teleported.
You can dig through walls and to a lower floor.
Your four strong arms can wield two-handed weapons with a shield.
You have a pair of large antennae on your head. (SInv)


Message History

You are feeling hungry.
You block the moth of wrath's attack.
You hit the moth of wrath.
The moth of wrath is moderately wounded.
The moth of wrath bites you!
The moth of wrath bites you but does no damage.
You are too injured to fight recklessly!
You feel very mighty all of a sudden.
The moth of wrath bites you but does no damage.
You closely miss the moth of wrath.
The moth of wrath is moderately wounded.
You block the moth of wrath's attack. The moth of wrath bites you!
* * * LOW HITPOINT WARNING * * *
You puncture the moth of wrath!
The moth of wrath is heavily wounded.
The moth of wrath bites you but does no damage.
You closely miss the moth of wrath.
The moth of wrath is heavily wounded.
The moth of wrath bites you!
You die...

###### ##....### ##.......##
#####.........# #..##....#....##
#######..##...###....####
#........รท....#y@._.)#..#
.........##...###..).#..#
#........##....#...)##..#
#.........#.........##..#
+.........##......)##...#
#..........##....###....#########
##......##..#######.............#
##########..........##..........#
##########..........##.....[....#


You could see a moth of wrath.

Vanquished Creatures
  Terence (D:2)
  3 adders (D:2)
  5 worms (D:2)
  4 dart slugs
  A leopard gecko (D:3)
  2 bats
  4 giant cockroaches
  6 goblins
  3 hobgoblins
  2 ball pythons
  7 frilled lizards
  2 kobolds
  11 rats
51 creatures vanquished.

Notes
Turn   | Place    | Note
-------+----------+-------------------------------------------
     0 | D:1      | Salad the Formicid Fighter began the quest for the Orb.
     0 | D:1      | Reached XP level 1. HP: 18/18 MP: 1/1
    58 | D:1      | Reached XP level 2. HP: 23/24 MP: 2/2
   332 | D:1      | Reached skill level 4 in Fighting
   392 | D:1      | Reached XP level 3. HP: 30/30 MP: 3/3
   811 | D:2      | Found a stormy altar of Qazlal.
   881 | D:2      | Found a snail-covered altar of Cheibriados.
   942 | D:2      | Noticed Terence
   957 | D:2      | Killed Terence
   957 | D:2      | Reached XP level 4. HP: 37/38 MP: 4/4
  1009 | D:2      | Reached skill level 5 in Fighting
  1480 | D:2      | Reached XP level 5. HP: 43/46 MP: 5/5
  1758 | D:2      | Noticed a moth of wrath
  1761 | D:2      | Found a bloodstained altar of Trog.
  1832 | D:2      | Mangled by a moth of wrath

Skill      XL: |  1  2  3  4 |
---------------+-------------+-----
Fighting       | 4 5 |  5.8
Polearms       | |  2.0
Armour         | |  3.4
Shields        | |  3.8

Action                   |  1- 3 |  4- 6 || total
-------------------------+-------+-------++-------
Melee: Trident           |   100 |   106 ||   206
 Abil: Dig               |     3 |     1 ||     4
  Use: Scroll            |     4 |     3 ||     7
       Potion            |       |     1 ||     1
  Eat: Chunk             |       |     3 ||     3
Armor: Scale mail        |    41 |     1 ||    42
       Chain mail        |       |    50 ||    50
Dodge: Dodged            |    23 |    18 ||    41
Block: Shield            |    40 |    46 ||    86
